General information
			
			
        
        - name: BNet
 
        - type: Ladder team game (AT/RT)
 
        - host: Battle.net
 
        - saver: 1st_Panzer_DIv.
 
        
map: Cherryville 
        - players: 8
 
        - length: 11:11
 
        - speed: Fast
 - version: 1.22 W3XP
 - replay type:  Public
 
» download(63 KB)
Players
        team 1 (winner) 
              
              
COOLMIKE162 (
orange | 76 APM | 855 actions | 11:11)
              
 3 Dreadlord 
 1 Sleep
 2 Vampiric Aura
 
                » actions 
                
                | Assign group hotkey | 21 |  | 
| Basic commands | 3 |  | 
| Build / train | 22 |  | 
| Enter build submenu | 12 |  | 
| Enter hero's abilities submenu | 3 |  | 
| Right click | 290 |  | 
| Select / deselect | 122 |  | 
| Select group hotkey | 369 |  | 
| Use ability | 13 |  | 
                855 total
 » units 
                » upgrades
                » buildings
                
                | Graveyard | 2 |  | 
| Crypt | 2 |  | 
| Altar of Darkness | 2 |  | 
| Ziggurat | 4 |  | 
| Tomb of Relics | 1 |  | 
| Spirit Tower | 1 |  | 
                12 total
 » build order
                00:10 Graveyard
00:13 Graveyard
00:23 Crypt
00:39 Altar of Darkness
00:41 Altar of Darkness
00:45 Ziggurat
01:06 Crypt
01:39 Ziggurat
01:40 Tomb of Relics
02:40 Ziggurat
05:11 Ziggurat
05:39 Spirit Tower
 
               
              
              
flotzinhoogin (
green | 44 APM | 497 actions | 11:11)
              
 2 Blademaster 
 1 Wind Walk
 1 Critical Strike
 
                » actions 
                
                | Assign group hotkey | 10 |  | 
| Basic commands | 7 |  | 
| Build / train | 24 |  | 
| ESC pressed | 1 |  | 
| Enter build submenu | 14 |  | 
| Enter hero's abilities submenu | 2 |  | 
| Give item / drop item | 1 |  | 
| Right click | 323 |  | 
| Select / deselect | 64 |  | 
| Select group hotkey | 17 |  | 
| Use ability | 34 |  | 
                497 total
 » units 
                » buildings
                
                | Altar of Storms | 1 |  | 
| Orc Burrow | 1 |  | 
| Voodoo Lounge | 2 |  | 
| Great Hall | 2 |  | 
                6 total
 » build order
                00:08 Altar of Storms
00:12 Orc Burrow
03:13 Voodoo Lounge
05:13 Voodoo Lounge
07:02 Great Hall
07:12 Great Hall
» items
                
                | Boots of Speed | 1 |  | 
| Staff of Teleportation | 1 |  | 
| Healing Salve | 2 |  | 
| Lesser Clarity Potion | 3 |  | 
                7 total
  
               
              
              
» 
HOLYCRAPIMCOOL (
purple | 37 APM | 410 actions | 11:11)
              
 2 Archmage 
 1 Summon Water Elemental
 1 Brilliance Aura
 
                » actions 
                
                | Assign group hotkey | 6 |  | 
| Basic commands | 33 |  | 
| Build / train | 29 |  | 
| ESC pressed | 1 |  | 
| Enter build submenu | 18 |  | 
| Enter hero's abilities submenu | 3 |  | 
| Right click | 99 |  | 
| Select / deselect | 116 |  | 
| Select group hotkey | 41 |  | 
| Use ability | 64 |  | 
                410 total
 » units 
                » buildings
                
                | Barracks | 1 |  | 
| Altar of Kings | 1 |  | 
| Farm | 5 |  | 
| Lumber Mill | 1 |  | 
| Scout Tower | 9 |  | 
| Guard Tower | 3 |  | 
                20 total
 » build order
                00:14 Barracks
00:16 Altar of Kings
00:32 Farm
01:12 Farm
01:50 Lumber Mill
02:03 Farm
03:42 Farm
04:40 Farm
04:49 Scout Tower
04:49 Scout Tower
04:51 Scout Tower
04:54 Scout Tower
05:17 Guard Tower
05:20 Guard Tower
06:23 Scout Tower
06:31 Scout Tower
06:32 Scout Tower
06:33 Scout Tower
06:33 Scout Tower
07:03 Guard Tower
 
               
              
              
Ze.FroGS3 (
pink | 161 APM | 1800 actions | 11:11)
              
 4 Priestess of the Moon 
 2 Searing Arrows
 2 Trueshot Aura
 
                » actions 
                
                | Assign group hotkey | 30 |  | 
| Basic commands | 68 |  | 
| Build / train | 41 |  | 
| Enter build submenu | 14 |  | 
| Enter hero's abilities submenu | 4 |  | 
| Right click | 655 |  | 
| Select / deselect | 293 |  | 
| Select group hotkey | 642 |  | 
| Use ability | 53 |  | 
                1800 total
 » units 
                » upgrades
                
                | Strength of the Moon | 1 |  | 
| Moon Armor | 1 |  | 
| Improved Bows | 1 |  | 
                3 total
 » buildings
                
                | Altar of Elders | 1 |  | 
| Moon Well | 6 |  | 
| Ancient of War | 4 |  | 
| Hunter's Hall | 1 |  | 
| Tree of Ages | 4 |  | 
                16 total
 » build order
                00:04 Altar of Elders
00:08 Moon Well
01:38 Ancient of War
01:40 Ancient of War
01:42 Moon Well
01:56 Moon Well
03:26 Ancient of War
03:30 Ancient of War
04:37 Hunter's Hall
05:50 Moon Well
06:46 Tree of Ages
06:46 Tree of Ages
06:47 Tree of Ages
07:35 Moon Well
08:15 Moon Well
 
               team 2 (loser) 
              
              
» 
1st_Panzer_DIv. (
red | 46 APM | 520 actions | 11:11)
              
 1 Dark Ranger 
 1 Black Arrow
 1 Demon Hunter 
 1 Immolation
 
                » actions 
                
                | Assign group hotkey | 17 |  | 
| Basic commands | 15 |  | 
| Build / train | 41 |  | 
| ESC pressed | 3 |  | 
| Enter build submenu | 28 |  | 
| Enter hero's abilities submenu | 2 |  | 
| Right click | 202 |  | 
| Select / deselect | 152 |  | 
| Select group hotkey | 17 |  | 
| Use ability | 43 |  | 
                520 total
 » units 
                
                | Peon | 12 |  | 
| Peasant | 10 |  | 
| Wisp | 7 |  | 
| Footman | 1 |  | 
| Grunt | 1 |  | 
| Archer | 3 |  | 
                34 total
 » buildings
                
                | Altar of Storms | 2 |  | 
| Orc Burrow | 3 |  | 
| Altar of Kings | 1 |  | 
| Farm | 3 |  | 
| Altar of Elders | 1 |  | 
| Moon Well | 1 |  | 
| Barracks | 4 |  | 
| Ancient of War | 1 |  | 
| Scout Tower | 3 |  | 
| Lumber Mill | 1 |  | 
| Guard Tower | 2 |  | 
| Tree of Life | 1 |  | 
                23 total
 » build order
                01:03 Altar of Storms
01:05 Orc Burrow
01:08 Altar of Kings
01:10 Farm
01:13 Altar of Elders
01:17 Moon Well
01:20 Altar of Storms
01:23 Orc Burrow
01:28 Barracks
01:33 Barracks
01:35 Orc Burrow
01:46 Barracks
01:49 Barracks
01:54 Ancient of War
03:27 Scout Tower
03:30 Lumber Mill
04:39 Guard Tower
06:14 Farm
06:25 Scout Tower
06:52 Tree of Life
07:59 Guard Tower
08:01 Scout Tower
08:13 Farm
 
               
              
              
blinn (
yellow | 0 APM | 0 actions | 00:08)
              
               
              
              
Gobiner (
teal | 22 APM | 1 actions | 00:02)
              
               
               Chat log
          (00:06 / All) flotzinhoogin: Bye
(00:12 / All) Ze.FroGS3: nice strat
(00:16 / All) HOLYCRAPIMCOOL: gg wp
(00:20 / All) flotzinhoogin: leave
(00:35 / All) 1st_Panzer_DIv.: why?
(00:40 / All) HOLYCRAPIMCOOL: gg wp
(00:42 / All) Ze.FroGS3: caz 
(00:45 / All) Ze.FroGS3: tim is scared
(00:46 / All) HOLYCRAPIMCOOL: why  what
(00:48 / All) HOLYCRAPIMCOOL: they leave?
(00:51 / All) HOLYCRAPIMCOOL: they see our names
(00:54 / All) flotzinhoogin: just leave jesus
(00:55 / All) 1st_Panzer_DIv.: I think one of them dropped
(00:57 / All) 1st_Panzer_DIv.: then the rest left
(00:58 / All) Ze.FroGS3: no
(01:00 / All) HOLYCRAPIMCOOL: na
(01:05 / All) Ze.FroGS3: they saw our names
(01:10 / All) COOLMIKE162: ok can u follow suit?
(01:18 / All) Ze.FroGS3: u cant win 4v1
(01:24 / All) 1st_Panzer_DIv.: why?
(01:32 / All) HOLYCRAPIMCOOL: leave kid 
(01:36 / All) HOLYCRAPIMCOOL: stop wasting time go play another game
(01:37 / All) COOLMIKE162: I swear to fucking god ill burn your house down if u don't leave
(01:52 / All) HOLYCRAPIMCOOL: got
(03:20 / All) 1st_Panzer_DIv.: oh man
(03:42 / All) 1st_Panzer_DIv.: you guys totally suck ass
(04:46 / All) HOLYCRAPIMCOOL: you hack
(04:52 / All) 1st_Panzer_DIv.: what?
(04:55 / All) 1st_Panzer_DIv.: how?
(04:56 / All) HOLYCRAPIMCOOL: you hack
(04:57 / All) flotzinhoogin: reporting
(05:01 / All) 1st_Panzer_DIv.: haha
(05:02 / All) 1st_Panzer_DIv.: noobs
(05:09 / All) HOLYCRAPIMCOOL: at least we dont hack
(05:19 / All) 1st_Panzer_DIv.: hack at what
(05:26 / All) COOLMIKE162: your microing very efficiently
(06:03 / All) COOLMIKE162: if i could drain all your blood out and replace it with gasoline i would
(06:22 / All) COOLMIKE162: i mean that
(06:36 / All) HOLYCRAPIMCOOL: god leave fa ggot
(06:43 / All) HOLYCRAPIMCOOL: never understood  how you kids can have fun wasting time
(06:48 / All) HOLYCRAPIMCOOL: go play again and actually get good at this game
(06:58 / All) COOLMIKE162: voice57.hurricanehost.com
(07:24 / All) 1st_Panzer_DIv.: man you guys rocked me but good
(08:29 / All) flotzinhoogin: jesus i hope u get cancer
(09:39 / All) 1st_Panzer_DIv.: so you guys said I hacked?
(09:47 / All) HOLYCRAPIMCOOL: no doubt about it
(09:49 / All) 1st_Panzer_DIv.: I mean I don't have any buildings left
(09:54 / All) 1st_Panzer_DIv.: how am I still in teh game?
(09:55 / All) HOLYCRAPIMCOOL: never seen a harder hacker in my life
(09:58 / All) HOLYCRAPIMCOOL: you hack..
(10:06 / All) 1st_Panzer_DIv.: I am pretty hard right now
(10:10 / All) HOLYCRAPIMCOOL: same
(10:22 / All) 1st_Panzer_DIv.: wanna you know... go in the back room and get nasty?
(11:01 / All) 1st_Panzer_DIv.: :)